 Dungeon Crawl Stone Soup version 0.29-a0-648-g6b26cc9 (webtiles) character file.

Game seed: 3822455732570412491

282 Dawnplanks the Cudgeller (level 6, -14/61 HPs)
             Began as a Troll Fighter on June 20, 2022.
             Demolished by an ogre
             ... wielding a +0 giant club
              (36 damage)
             ... on level 4 of the Dungeon.
             The game lasted 00:04:44 (2816 turns).

Dawnplanks the Cudgeller (Troll Fighter)            Turns: 2816, Time: 00:04:45

Health: -14/61     AC:  4    Str: 27    XL:     6   Next: 6%
Magic:  5/5        EV:  9    Int:  4    God:
Gold:   105        SH:  7    Dex:  9    Spells: 5/5 levels left

rFire   . . .      SeeInvis .   a - +0 flail
rCold   . . .      Faith    .   c - +0 kite shield
rNeg    . . .      Spirit   .   b - +0 robe
rPois   .          Reflect  .   (helmet restricted)
rElec   .          Harm     .   (no cloak)
rCorr   .          Rampage  .   (gloves unavailable)
Will    +....                   (boots unavailable)
Stlth   +.........              (no amulet)
HPRegen 1.00/turn               r - ring of flight
MPRegen 0.09/turn               n - ring of willpower

@: flying
A: large, unfitting armour, claws 3, regeneration 1, shaggy fur 1, tough skin 1
a: no special abilities


You were on level 4 of the Dungeon.
You visited 2 branches of the dungeon, and saw 5 of its levels.

You collected 105 gold pieces.

Inventory:

Hand Weapons
 a - a +0 flail (weapon)
Missiles
 e - 2 boomerangs (quivered)
 l - 32 stones
Armour
 b - a +0 robe (worn)
 c - a +0 kite shield (worn)
Jewellery
 h - a +6 ring of intelligence
 n - a ring of willpower (right claw)
 p - a ring of fire
 r - a ring of flight (left claw)
Scrolls
 g - a scroll of poison {unknown}
 j - a scroll of immolation
 m - 2 scrolls of summoning
 s - a scroll of enchant weapon {unknown}
Potions
 d - a potion of might
 f - a potion of magic
 i - a potion of ambrosia
 k - a potion of heal wounds {unknown}
 o - a potion of curing
 q - a potion of invisibility {unknown}


   Skills:
 + Level 3.0 Fighting
 * Level 4.5 Maces & Flails
 + Level 3.1 Dodging
 - Level 0.1 Stealth
 + Level 3.3 Shields


You had 5 spell levels left.
You didn't know any spells.
Your spell library contained the following spells:

 Spells                   Type           Power      Damage    Failure   Level
 Frozen Ramparts          Ice            0%         1d2       99%         3
 Ice Form                 Ice/Tmut       0%         N/A       100%        4
 Summon Ice Beast         Ice/Summ       0%         N/A       100%        4


Dungeon Overview and Level Annotations

Branches:
Dungeon (4/15)             Temple (1/1) D:4

Altars:
Ashenzari
Cheibriados
Elyvilon
Fedhas
Kikubaaqudgha
Nemelex Xobeh
Qazlal
Ru
Trog
Uskayaw
Xom
Yredelemnul


Innate Abilities, Weirdness & Mutations

You are too large for most types of armour.
You have claws for hands.
Your natural rate of healing is unusually fast.
You are covered in fur. (AC +1)
You have tough skin. (AC +1)


Message History

You block the giant cockroach's attack.
You thump the giant cockroach!
You kill the giant cockroach!
You sock the hobgoblin!
You kill the hobgoblin!
There is an open door here.
You see here a hobgoblin corpse.
HP restored.
m - 2 scrolls of summoning (gained 1)
Found a robe.
An adder comes into view.
An adder is nearby!
An ogre comes into view. It is wielding a +0 giant club.
Found a curved smoking staff.
The ogre shouts!
The adder hisses angrily.
The adder bites you but does no damage.
You miss the adder. The adder closely misses you.
The adder bites you but does no damage.
You hit the ogre.
The ogre is lightly wounded.
The adder bites you.
The ogre hits you with a +0 giant club!!
You hit the ogre.
The ogre is moderately wounded.
You block the adder's attack. The adder bites you.
You are poisoned.
The adder poisons you!
The ogre hits you with a +0 giant club!!
* * * LOW HITPOINT WARNING * * *
You feel better. The adder barely misses you.
The adder bites you but does no damage.
You barely miss the ogre.
The ogre is moderately wounded.
You block the ogre's attack. The adder barely misses you.
You thump the ogre!
The ogre is severely wounded.
You block the adder's attack.
The ogre hits you with a +0 giant club!!!
Ouch! That really hurt!
You die...

.. ####.....#
.........#
..........#
.........##
..........#
...#......#
..........#
....##...##
....#.O@..#
.......S..#
.............
........######
.........
..|..####
#####


You could see an ogre and an adder.

Vanquished Creatures
  A scorpion (D:4)
  A hound (D:4)
  Jessica (D:3)
  An iguana (D:3)
  Terence (D:2)
  An adder (D:2)
  A shadow imp (D:4)
  3 worms
  2 dart slugs
  5 orcs
  8 ball pythons
  7 endoplasms
  4 giant cockroaches
  6 goblins
  8 hobgoblins
  4 jackals (D:1)
  9 kobolds
  4 quokkas
  5 bats
  6 frilled lizards
  6 rats
84 creatures vanquished.

Vanquished Creatures (others)
  A fungus (D:1)
1 creature vanquished.

Grand Total: 85 creatures vanquished

Notes
Turn   | Place    | Note
-------+----------+-------------------------------------------
     0 | D:1      | Dawnplanks the Troll Fighter began the quest for the Orb.
     0 | D:1      | Reached XP level 1. HP: 22/22 MP: 0/0
    49 | D:1      | Reached XP level 2. HP: 26/29 MP: 1/1
    91 | D:1      | Reached skill level 2 in Maces & Flails
   326 | D:1      | Found a faded altar of an unknown god.
   340 | D:1      | Reached XP level 3. HP: 26/36 MP: 2/2
   986 | D:2      | Noticed Terence
  1002 | D:2      | Killed Terence
  1003 | D:2      | Reached XP level 4. HP: 33/44 MP: 3/3
  1203 | D:2      | Reached skill level 3 in Maces & Flails
  1819 | D:3      | Reached XP level 5. HP: 44/52 MP: 4/4
  1974 | D:3      | Noticed Jessica
  1975 | D:3      | Killed Jessica
  2103 | D:3      | You are sucked into a shaft and drop 1 floor!
  2113 | D:4      | Reached skill level 4 in Maces & Flails
  2486 | D:4      | Found a stormy altar of Qazlal.
  2486 | D:4      | Found a basalt altar of Yredelemnul.
  2511 | D:4      | Found a staircase to the Ecumenical Temple.
  2552 | Temple   | Entered the Ecumenical Temple
  2723 | D:4      | HP: 2/53 [poisoned by a scorpion]
  2727 | D:4      | Reached XP level 6. HP: 17/61 MP: 5/5
  2816 | D:4      | Demolished by an ogre

Illustrated notes

Levels and vault maps discovered:
D:1:      psy_arrival_statuary, layout_loops_ring,
          shapermc_ecumenical_altar_acropolis
D:2:      wad_pebble_path, layout_basic, uniq_terence
D:3:      layout_loops_cross, chequers_mini_garden, nrook_loot_triangle,
          nicolae_concentric_dashed_squares_mild, dk_noncrumbling_3,
          roderic_roman_lattice, uniq_jessica
D:4:      layout_basic, grunt_temple_overflow_lords_of_destruction,
          gammafunk_temple_overflow_elements, temple_hall, uniq_grinder
Temple:   eino_wide_crystal_templ

Skill      XL: |  1  2  3  4  5 |
---------------+----------------+-----
Maces & Flails | 2 3 4 |  4.5
Shields        | 3 |  3.3
Dodging        | 3 |  3.1
Fighting       | 3 |  3.0
Stealth        | |  0.1

Action                   |  1- 3 |  4- 6 || total
-------------------------+-------+-------++-------
Melee: Flail             |   132 |   107 ||   239
  Use: Scroll            |       |     5 ||     5
       Potion            |       |     2 ||     2
 Stab: Sleeping          |       |     1 ||     1
Armor: Robe              |    50 |    37 ||    87
Dodge: Dodged            |    59 |    40 ||    99
Block: Kite shield       |    59 |    49 ||   108

Table legend: (Time is in decaauts)
 A = Elapsed time spent in this place.
 B = Non-inter-level travel time spent in this place.
 C = Inter-level travel time spent in this place.
 D = Time resting spent in this place.
 E = Time spent auto-exploring this place.
 F = Levels seen in this place.
 G = Mean time per level.
                   A        B        C        D        E       F      G
               +--------+--------+--------+--------+--------+-----+--------+
         Total |   2908 |   2741 |    167 |      0 |   2133 |   5 |  581.6 |
       Dungeon |   2808 |   2690 |    118 |      0 |   2089 |   4 |  702.0 |
        Temple |    100 |     51 |     49 |      0 |     44 |   1 |  100.0 |
               +--------+--------+--------+--------+--------+-----+--------+

Top non-repeatable levels by time:
     D:2: 834 daAuts
     D:3: 805 daAuts
     D:1: 759 daAuts
     D:4: 408 daAuts
  Temple: 100 daAuts
